 Dungeon Crawl Stone Soup version 0.29.1-12-g30fa7ad0bf (webtiles) character file.

Game seed: 8912330497193408935

596114 Scypho the Slayer (level 25, -16/229 (248) HPs)
             Began as a Minotaur Fighter on Oct 1, 2022.
             Was a High Priest of Okawaru.
             Killed from afar by a wendigo (46 damage)
             ... with a seracfall
             ... on level 2 of Cocytus on Dec 22, 2022.
             The game lasted 04:07:44 (61563 turns).

Scypho the Slayer (Minotaur Fighter)               Turns: 61563, Time: 04:07:45

HP:   -16/229 (248) AC: 53    Str: 25    XL:     25   Next: 20%
MP:   29/29         EV: 22    Int: 12    God:    Okawaru [*****.]
Gold: 3423          SH: 31    Dex: 21    Spells: 24/24 levels left

rFire   . . .      SeeInvis +   P - +9 demon blade (vamp)
rCold   + + +      Faith    .   B - +6 tower shield of Dishonesty {rElec rC++}
rNeg    + + +      Spirit   .   T - +11 crystal plate armour of Hedonism {rF- rC+++ rN+++ Dex+2}
rPois   +          Reflect  .   Y - -2 hat of the Alchemist {rElec rPois rF+ rC+ rN+ Will+ rMut rCorr}
rElec   +          Harm     .   S - +3 cloak "Zawatif" {Int+3 Dex+2 Stlth+}
rCorr   +          Rampage  .   v - +2 pair of gloves {Dex+3}
rMut    +                       Q - +1 pair of boots of Cibuoj {Slay+6}
Will    ++...                   V - amulet "Xerchuuz" {Acrobat SInv}
Stlth   ..........              o - +4 ring of protection
HPRegen 0.48/turn               J - +4 ring of evasion
MPRegen 0.21/turn

@: studying 5 skills, drained, unable to drink
A: horns 2, retaliatory headbutt
}: 5/15 runes: barnacled, slimy, silver, abyssal, gossamer
a: Renounce Religion, Heroism, Finesse, Duel


You were on level 2 of Cocytus.
You worshipped Okawaru.
Okawaru was extremely pleased with you.
You visited 12 branches of the dungeon, and saw 51 of its levels.
You visited the Abyss 2 times.
You visited 1 bazaar.
You also visited: Trove, Gauntlet, Ice Cave and Wizlab.

You collected 8025 gold pieces.
You spent 4602 gold pieces at shops.

Inventory:

Hand Weapons
 P - a +9 vampiric demon blade (weapon)
 U - the +9 long sword of Floods {antimagic, Str+2 Int+2}
   (Okawaru gifted it to you on level 2 of the Vaults)

   It reduces the magical energy of the wielder, and disrupts the spells and
   magical abilities of those it strikes.
   Natural abilities and divine invocations are not affected.
   Str:       It affects your strength (+2).
   Int:       It affects your intelligence (+2).
Missiles
 n - 6 javelins
 O - 5 throwing nets (quivered)
Armour
 v - a +2 pair of gloves of dexterity (worn)
 B - the +6 tower shield of Dishonesty (worn) {rElec rC++}
   (Okawaru gifted it to you on level 2 of the Elven Halls)

   rC:        It greatly protects you from cold.
   rElec:     It insulates you from electricity.
 Q - the +1 pair of boots of Cibuoj (worn) {Slay+6}
   (You found it in a Gauntlet)

   Slay:      It affects your accuracy & damage with ranged weapons and melee
   (+6).
 S - the +3 cloak "Zawatif" (worn) {Int+3 Dex+2 Stlth+}
   (Okawaru gifted it to you in a Gauntlet)

   Int:       It affects your intelligence (+3).
   Dex:       It affects your dexterity (+2).
   Stlth:     It makes you more stealthy.
 T - the +11 crystal plate armour of Hedonism (worn) {rF- rC+++ rN+++ Dex+2}
   (You took it off a deep elf blademaster on level 3 of the Elven Halls)

   Dex:       It affects your dexterity (+2).
   rF:        It makes you vulnerable to fire.
   rC:        It renders you almost immune to cold.
   rN:        It renders you almost immune to negative energy.
 Y - the -2 hat of the Alchemist (worn) {rElec rPois rF+ rC+ rN+ Will+ rMut rCorr}
   (You bought it in a shop on level 2 of the Orcish Mines)

   rF:        It protects you from fire.
   rC:        It protects you from cold.
   rElec:     It insulates you from electricity.
   rPois:     It protects you from poison.
   rN:        It protects you from negative energy.
   rCorr:     It protects you from acid and corrosion.
   rMut:      It protects you from mutation.
   Will:      It increases your willpower.
Jewellery
 b - a ring of protection from fire
 d - a ring of willpower
 j - an amulet of faith
 o - a +4 ring of protection (left hand)
 q - a ring of ice
 s - a ring of flight
 J - a +4 ring of evasion (right hand)
 R - the ring "Ikegrire" {rElec rPois MP+9 Str+5 Dex-4}
   (You took it off a deep elf blademaster on level 3 of the Elven Halls)

   [ring of poison resistance]

   Str:       It affects your strength (+5).
   Dex:       It affects your dexterity (-4).
   rElec:     It insulates you from electricity.
   rPois:     It protects you from poison.
   MP:        It affects your magic capacity (+9).
 V - the amulet "Xerchuuz" (around neck) {Acrobat SInv}
   (You took it off a deep elf death mage on level 5 of the Vaults)

   [amulet of the acrobat]

   It increases your evasion while moving and waiting.
   SInv:      It lets you see invisible.
Wands
 t - a wand of polymorph (21)
 w - a wand of mindburst (33)
 y - a wand of roots (42)
 E - a wand of flame (117)
 F - a wand of light (20)
Scrolls
 f - 2 scrolls of enchant weapon
 i - 35 scrolls of identify
 r - 7 scrolls of blinking
 x - 2 scrolls of fear
 z - 9 scrolls of enchant armour
 D - 7 scrolls of brand weapon
 I - 7 scrolls of poison
 K - 21 scrolls of teleportation
 L - 7 scrolls of magic mapping
 M - a scroll of acquirement
Potions
 a - 5 potions of lignification
 c - 3 potions of brilliance
 e - 9 potions of flight
 g - 3 potions of cancellation
 h - 3 potions of invisibility
 k - 4 potions of magic
 l - 10 potions of ambrosia
 m - 10 potions of heal wounds
 p - 24 potions of curing
 u - 11 potions of attraction
 C - 11 potions of haste
 G - 7 potions of might
 H - 8 potions of resistance
 N - 3 potions of berserk rage
Miscellaneous
 A - the horn of Geryon


   Skills:
 - Level 24.9 Fighting
 - Level 11.0(16.9) Short Blades
 - Level 22.0(23.0) Long Blades
 + Level 15.6 Throwing
 - Level 23.0 Armour
 - Level 23.5 Dodging
 - Level 23.0 Shields
 - Level 10.0 Invocations


You had 24 spell levels left.
You didn't know any spells.
Your spell library contained the following spells:

 Spells                   Type           Power      Damage    Failure   Level
 Apportation              Tloc           0%         N/A       99%         1
 Beastly Appendage        Tmut           0%         N/A       99%         1
 Foxfire                  Conj/Fire      0%         2x1d4     99%         1
 Freeze                   Ice            0%         1d3       99%         1
 Magic Dart               Conj           0%         1d3       99%         1
 Necrotise                Necr           0%         1d4       99%         1
 Shock                    Conj/Air       0%         1d3       99%         1
 Slow                     Hex            0%         N/A       99%         1
 Sting                    Tmut/Pois      0%         1d3       99%         1
 Poisonous Vapours        Pois/Air       0%         N/A       100%        2
 Sublimation of Blood     Necr           0%         N/A       100%        2
 Wereblood                Tmut           0%         N/A       100%        2
 Confusing Touch          Hex            0%         N/A       100%        3
 Conjure Flame            Conj/Fire      0%         6-21      100%        3
 Dazzling Flash           Conj/Hex       0%         N/A       100%        3
 Ignite Poison            Fire/Tmut/Pois 0%         N/A       100%        3
 Inner Flame              Hex/Fire       0%         N/A       100%        3
 Mephitic Cloud           Conj/Pois/Air  0%         N/A       100%        3
 Spider Form              Tmut/Pois      0%         N/A       100%        3
 Stone Arrow              Conj/Erth      0%         3d7       100%        3
 Vampiric Draining        Necr           0%         2d6       100%        3
 Anguish                  Hex/Necr       0%         N/A       100%        4
 Cause Fear               Hex            0%         N/A       100%        4
 Corpse Rot               Necr/Pois/Air  0%         N/A       100%        4
 Dispel Undead            Necr           0%         3d6       100%        4
 Flame Wave               Conj/Fire      0%         2d4       100%        4
 Fulminant Prism          Conj/Hex       0%         3d6       100%        4
 Hailstorm                Conj/Ice       0%         3d3       100%        4
 Ice Form                 Ice/Tmut       0%         N/A       100%        4
 Iskenderun's Mystic Bla  Conj/Tloc      0%         2d3       100%        4
 Leda's Liquefaction      Hex/Erth       0%         N/A       100%        4
 Olgreb's Toxic Radiance  Pois           0%         N/A       100%        4
 Petrify                  Tmut/Erth      0%         N/A       100%        4
 Agony                    Necr           0%         N/A       100%        5
 Alistair's Intoxication  Tmut/Pois      0%         N/A       100%        5
 Blade Hands              Tmut           0%         N/A       100%        5
 Borgnjor's Vile Clutch   Necr/Erth      0%         N/A       100%        5
 Fireball                 Conj/Fire      0%         3d3       100%        5
 Freezing Cloud           Conj/Ice/Air   0%         6-21      100%        5
 Irradiate                Conj/Tmut      0%         3d11      100%        5
 Iskenderun's Battlesphe  Conj           0%         2d6       100%        5
 Lee's Rapid Deconstruct  Erth           0%         3d5*      100%        5
 Lightning Bolt           Conj/Air       0%         1d11      100%        5
 Metabolic Englaciation   Hex/Ice        0%         N/A       100%        5
 Yara's Violent Unravell  Hex/Tmut       0%         3d3       100%        5
 Conjure Ball Lightning   Conj/Air       0%         3x3d6     100%        6
 Iron Shot                Conj/Erth      0%         9d1       100%        6
 Starburst                Conj/Fire      0%         6d3       100%        6
 Dragon Form              Tmut           0%         N/A       100%        7
 Enfeeble                 Hex            0%         N/A       100%        7
 Orb of Destruction       Conj           0%         9d5       100%        7
 Storm Form               Tmut/Air       0%         N/A       100%        7
 Borgnjor's Revivificati  Necr           0%         N/A       100%        8
 Ignition                 Fire           0%         3d3       100%        8
 Lehudib's Crystal Spear  Conj/Erth      0%         10d2      100%        8
 Maxwell's Capacitive Co  Air            0%         ∞         100%        8
 Necromutation            Tmut/Necr      0%         N/A       100%        8
 Chain Lightning          Conj/Air       0%         N/A       100%        9
 Death's Door             Necr           0%         N/A       100%        9
 Fire Storm               Conj/Fire      0%         5d1       100%        9
 Polar Vortex             Ice            0%         N/A       100%        9
 Summon Small Mammal      Summ           Unusable   N/A       N/A         1
 Call Imp                 Summ           Unusable   N/A       N/A         2
 Summon Guardian Golem    Hex/Summ       Unusable   N/A       N/A         3
 Animate Dead             Necr           Unusable   N/A       N/A         4
 Summon Lightning Spire   Summ/Air       Unusable   N/A       N/A         4
 Death Channel            Necr           Unusable   N/A       N/A         6
 Simulacrum               Ice/Necr       Unusable   N/A       N/A         6
 Spellforged Servitor     Conj/Summ      Unusable   N/A       N/A         7
 Dragon's Call            Summ           Unusable   N/A       N/A         9

Dungeon Overview and Level Annotations

Branches:
Dungeon (15/15)            Temple (1/1) D:6            Lair (5/5) D:11
 Shoals (4/4) Lair:3       Spider (4/4) Lair:3        Slime (5/5) Lair:5
    Orc (2/2) D:11            Elf (3/3) Orc:2        Vaults (5/5) D:13
  Crypt (0/3) Vaults:2     Depths (4/4) D:15           Hell (visited)
    Dis (0/7) Hell            Geh (0/7) Hell            Coc (2/7) Hell
    Tar (0/7) Hell            Zot (0/5) Depths:4      IceCv (visited)
 WizLab (visited)         Gauntlet (visited)

Altars:
Dithmenos
Elyvilon
Fedhas
Gozag
Hepliaklqana
Makhleb
Okawaru
Qazlal
Ru
Sif Muna
Trog
Uskayaw
Wu Jian
Xom
Yredelemnul
The Shining One
Jiyva

Shops:
D:3 [   D:4 ?*!**   Orc:2 ?(([   Elf:2 (   Shoals:1 (   Shoals:3 *   Vaults:2 =
Vaults:3 [   Vaults:4 !   Depths:4 :=[

Portals:
Hell: Depths:1 Depths:2 Depths:3 Depths:4
Abyss: Depths:2 Depths:3
Pandemonium: Depths:2
Ziggurat: Depths:2


Innate Abilities, Weirdness & Mutations

You have a pair of horns on your head.
You reflexively headbutt those who attack you in melee.


Message History

You block the spriggan defender simulacrum's attack.
You slice the Ice Fiend like a ripe choko!!!
You kill the Ice Fiend!
Okawaru accepts your kill.
You block the spriggan defender simulacrum's attack.
You slice the spriggan defender simulacrum!!
You block the alligator snapping turtle simulacrum's attack.
You slice the spriggan defender simulacrum!!
Okawaru accepts your kill.
You slash the dire elephant simulacrum!
You headbutt the dire elephant simulacrum.
The wendigo gestures.
The dire elephant simulacrum collapses into a mass of ice!
The mass of ice explodes!
The seracfall engulfs you but does no damage.
The seracfall engulfs the four-headed hydra simulacrum!!
The four-headed hydra simulacrum partially resists.
The seracfall engulfs the anaconda simulacrum!!
The anaconda simulacrum partially resists.
You chop one of the four-headed hydra simulacrum's heads off!
You slice the three-headed hydra simulacrum like a ripe choko!!!
Okawaru accepts your kill.
You block the alligator snapping turtle simulacrum's attack.
You slice the ettin simulacrum!! Okawaru accepts your kill.
You block the alligator snapping turtle simulacrum's attack.
You slice the wendigo!! You block the wendigo's attack. x2
The alligator snapping turtle simulacrum bites you from afar!!
* * * LOW HITPOINT WARNING * * *
You slash the wendigo! You headbutt the wendigo!
You block the wendigo's attack.
The wendigo bites you but does no damage.
You slice the wendigo!! You headbutt the wendigo! You hit the wendigo.
The wendigo gestures.
The naga warrior simulacrum collapses into a mass of ice!
The mass of ice explodes!
The seracfall engulfs you!!! You partially resist.
You die...

###≈≈.~~Z≈≈≈≈≈≈≈≈≈≈≈≈≈≈≈# #
#≈≈≈≈≈~~#≈.≈≈#≈≈≈≈≈≈≈≈≈≈ #≈
###≈≈.#.#..≈≈≈≈≈≈≈≈.≈≈≈##
##≈## #≈≈≈≈≈~∩..≈≈≈≈≈≈≈≈..≈≈≈#
#≈#≈≈#..≈≈≈≈≈....≈>...≈....≈##
#≈≈≈≈≈##...≈.....≈.Z........≈#
#≈≈≈.#...≈..Z.≈≈≈.#..≈.ZZ≈≈#
#≈#≈.....≈≈≈..R.≈#######°..≈#
#≈≈≈≈≈#....≈...@..○.Z.. #ZZ.≈#
##≈#≈≈..##......###.....~~~..#
#≈≈≈≈≈≈.#...≈.... .....#..#.°#
##≈##≈≈##.#≈≈≈.#...... #..#≈≈#
## #≈≈ ..≈#≈## ...#. ≈...#≈#
≈≈≈ .≈ ≈≈ ..## ≈≈..≈ ≈# ≈≈≈≈ .
≈≈ ≈.^ .≈≈≈≈≈ ≈# ≈≈≈ ^.^.
≈≈≈##≈≈


You could see a wendigo, an alligator snapping turtle simulacrum, a nagaraja
simulacrum and a stone giant simulacrum.

Vanquished Creatures
  the Royal Jelly (Slime:5)
  A dread lich (Vaults:5)
  Mara (Arena)
  An ancient lich (Vaults:5)
  A juggernaut (Depths:2)
  Saint Roka (Arena)
  The ghost of ragingrage the Executioner, a veteran HOFi of Beogh (Vaults:4)
  Geryon (Arena)
  A golden dragon (Vaults:5)
  Nikola (Lair:3)
  A bone dragon (Depths:4)
  Jory (Vaults:5)
  The ghost of Abaecet the Brawler, an adept TrFi of Jiyva (Shoals:3)
  A hellephant (Hell)
  Jorgrun (Shoals:1)
  A lich (Depths:3)
  6 tentacled monstrosities
  3 Ice Fiends
  Rupert (Orc:2)
  Mlioglotl (Shoals:4)
  A quicksilver dragon (Depths:4)
  2 deep elf master archers (Elf:3)
  8 titans
  19 acid blobs
  2 deep elf blademasters (Elf:3)
  Polyphemus (Shoals:2)
  4 ancient champions (Hell)
  5 tentacled starspawn
  5 sphinxes
  5 tengu reavers
  5 shadow dragons
  Donald (Shoals:1)
  7 storm dragons
  A draconian monk (Depths:4)
  11 rockslimes
  A nargun (Hell)
  A revenant (Hell)
  10 azure jellies
  3 nagarajas (WizLab)
  Louise (D:15)
  3 deep elf sorcerers
  A draconian knight (Depths:4)
  2 balrugs
  4 iron dragons
  A draconian scorcher (Abyss:4)
  22 vault wardens
  2 orc warlords
  3 ghost moths
  8 emperor scorpions
  9 frost giants
  10 fire giants
  5 spectral caustic shrikes (Depths:3)
  5 deep elf elementalists
  2 broodmothers
  4 reapers (Hell)
  6 war gargoyles
  2 spriggan defenders (Depths:3)
  21 ironbound preservers
  4 demonspawn corrupters (WizLab)
  A draconian annihilator (Depths:4)
  23 very ugly things
  11 stone giants
  A caustic shrike skeleton (Hell)
  8 quicksilver oozes
  The ghost of Hulashix the Severer, a journeyman MiBe of Trog (Elf:2)
  A putrid mouth (Hell)
  10 ironbound thunderhulks
  A vampire knight (Depths:3)
  8 dire elephants
  2 purple draconians (Depths:4)
  2 wendigos
  A lorocyproca (Hell)
  5 elemental wellsprings
  11 deep elf demonologists
  11 deep elf annihilators
  A white draconian (Depths:4)
  A red draconian (Depths:4)
  2 yellow draconians (Depths:4)
  A minotaur (Gauntlet)
  A bunyip (shapeshifter) (Vaults:5)
  An entropy weaver (Spider:4)
  9 spark wasps
  A blizzard demon (Hell)
  12 ettins
  6 merfolk javelineers
  Josephine (Shoals:1)
  5 fire dragons
  8 deep elf death magi
  7 deep elf high priests
  11 great orbs of eyes
  7 merfolk impalers
  A rakshasa (D:15)
  37 vault guards
  A peacekeeper (Vaults:1)
  2 catoblepae
  A caustic shrike simulacrum (Coc:1)
  4 spriggan air magi
  12 boulder beetles
  8 hydras
  Harold (D:10)
  17 yaktaur captains
  8 ice dragons
  6 ironbound frosthearts
  10 merfolk aquamancers
  2 ogre magi (Vaults:5)
  An anaconda (shapeshifter) (Vaults:1)
  12 centaur warriors
  5 two-headed ogres
  A death knight (Vaults:2)
  A jorogumo (Spider:2)
  3 satyrs
  3 merfolk avatars
  42 dancing weapons
  8 deep troll earth magi
  3 radroaches
  A two-headed ogre (shapeshifter) (Vaults:1)
  8 tengu warriors
  3 vampire magi
  11 deep troll shamans
  Urug (D:10)
  4 spriggan berserkers
  7 death yaks
  12 hell knights
  A titan zombie (Hell)
  2 orc high priests
  15 deep elf knights
  3 thrashing horrors (Abyss:3)
  7 sun demons
  Amaemon (D:8)
  A shock serpent (shapeshifter) (Vaults:5)
  8 soul eaters
  7 iron trolls
  11 sea snakes
  2 wretched stars (Abyss:3)
  A fire crab (Gauntlet)
  A fire crab (shapeshifter) (Elf:2)
  2 skeletal warriors
  A shadow wraith (Vaults:5)
  7 steelbarb worms
  A death drake (Gauntlet)
  78 deep trolls
  7 pharaoh ants
  3 glowing orange brains
  17 ironbound convokers
  12 orb spiders
  A quicksilver dragon simulacrum (Coc:1)
  An anaconda zombie (Hell)
  2 orange crystal statues (IceCv)
  11 lindwurms
  3 flayed ghosts
  6 phantasmal warriors
  4 wizards
  A shadow demon (Hell)
  A fenstrider witch simulacrum (Coc:1)
  A spriggan simulacrum (Coc:2)
  21 deep elf archers
  2 anaconda skeletons (Hell)
  A harpy (shapeshifter) (Gauntlet)
  8 necromancers
  24 deep elf zephyrmancers
  10 orc knights
  40 ugly things
  14 harpies
  19 wolf spiders
  3 shining eyes
  A tengu skeleton (Vaults:4)
  13 fauns
  20 deep elf pyromancers
  3 orc sorcerers
  7 cyclopes
  9 elephants (Lair:4)
  9 rust devils (Hell)
  A sphinx skeleton (Vaults:2)
  3 moths of wrath
  An eye of devastation (shapeshifter) (Depths:4)
  An elf zombie (Vaults:4)
  13 manticores
  13 vault sentinels
  6 black mambas (Lair:5)
  5 worldbinders (WizLab)
  5 torpor snails
  4 merfolk sirens
  A human skeleton (Vaults:4)
  A guardian serpent (Lair:5)
  An orange demon (D:8)
  2 smoke demons (Abyss:3)
  2 eyes of devastation
  An ice statue (Hell)
  An elephant (shapeshifter) (D:15)
  15 water nymphs
  A storm dragon simulacrum (Coc:1)
  11 cane toads
  2 unseen horrors
  Maggie (D:9)
  3 gargoyles
  5 rime drakes
  11 komodo dragons
  2 komodo dragons (shapeshifter)
  2 efreet
  15 demonic crawlers
  A sea snake zombie (Hell)
  2 bunyip simulacra (Coc:1)
  7 freezing wraiths
  39 yaktaurs
  An anaconda simulacrum (IceCv)
  4 golden dragon simulacra (IceCv)
  2 tengu conjurers
  A yaktaur skeleton (Vaults:2)
  2 hydra zombies (Hell)
  A red devil (Hell)
  An ancient zyme (Abyss:3)
  8 meliai (Spider:4)
  3 polar bears
  24 merfolk
  5 harpy zombies (Shoals:4)
  19 tarantellas
  5 hornets
  A wind drake (shapeshifter) (D:15)
  20 blink frogs
  7 wind drakes
  Grinder (D:5)
  A sea snake skeleton (Hell)
  8 trolls
  19 dream sheep
  An alligator zombie (Hell)
  86 slime creatures
  A raiju (shapeshifter) (Gauntlet)
  4 raiju (Abyss:3)
  12 snapping turtles
  2 centaur simulacra (Gauntlet)
  22 jumping spiders
  3 spriggans (Depths:1)
  Sigmund (D:5)
  14 culicivoras
  An ettin skeleton (Vaults:2)
  17 starcursed masses
  7 wraiths
  3 air elementals
  2 shadows
  17 wyverns
  29 water elementals
  2 yaks (shapeshifter)
  3 vampires
  5 dire elephant simulacra
  5 fire bats (Gauntlet)
  2 golden eyes (Slime:4)
  48 yaks
  21 redbacks
  2 fire elementals
  5 basilisks
  Grum (D:8)
  10 harpy simulacra
  22 water moccasins
  4 wargs
  An acid dragon (D:8)
  5 hydra simulacra
  A floating eye (WizLab)
  A black bear (shapeshifter) (Vaults:5)
  A hell hound (Gauntlet)
  A glowing shapeshifter skeleton (Vaults:2)
  A manticore zombie (Shoals:4)
  37 orc warriors
  2 hornet zombies
  3 ice beasts (D:7)
  2 ice dragon simulacra
  A black bear (D:4)
  4 ettin simulacra
  6 ogres
  A tengu (shapeshifter) (D:13)
  36 wolves
  12 centaurs
  2 small abominations (Abyss:3)
  2 human zombies
  2 kobold brigands
  9 bullfrogs
  2 gnoll sergeants
  A deep troll simulacrum (Coc:2)
  4 scorpions
  2 earth elementals
  14 wights
  A hornet simulacrum (Gauntlet)
  A lindwurm simulacrum (IceCv)
  3 howler monkeys
  5 electric eels
  5 centaur zombies
  A bullfrog zombie (D:7)
  8 hounds
  25 orc priests
  4 iguanas
  Ijyb (D:5)
  Jessica (D:3)
  A boggart zombie (Gauntlet)
  Terence (D:3)
  34 orc wizards
  3 hell rats
  2 killer bee zombies (D:7)
  11 gnolls
  8 adders
  An ufetubus (D:7)
  5 dart slugs
  79 orcs
  5 ball pythons
  3 bats
  A bat zombie (Shoals:4)
  5 endoplasms
  4 giant cockroaches
  6 hobgoblins
  11 jackals
  9 kobolds
  4 quokkas
  5 frilled lizards
  7 goblins
  5 rats (D:1)
  2 fire vortices (Hell)
2147 creatures vanquished.

Vanquished Creatures (others)
  A juggernaut simulacrum (Coc:1)
  2 wizards
  A bunyip simulacrum (Coc:2)
  2 anaconda simulacra (Coc:2)
  A tarantella (Spider:1)
  2 dire elephant simulacra
  A water elemental (Shoals:3)
  A redback (Spider:1)
  A harpy simulacrum (Coc:2)
  A centaur (D:13)
  A naga simulacrum (Coc:2)
  A small abomination (Abyss:3)
  A hell rat (Hell)
  27 fungi
  142 plants
  14 starspawn tentacles
199 creatures vanquished.

Grand Total: 2346 creatures vanquished

Notes
Turn   | Place    | Note
-------+----------+-------------------------------------------
     0 | D:1      | Scypho the Minotaur Fighter began the quest for the Orb.
     0 | D:1      | Reached XP level 1. HP: 19/19 MP: 0/0
   207 | D:1      | Reached XP level 2. HP: 26/26 MP: 1/1
   354 | D:1      | Found a faded altar of an unknown god.
   761 | D:1      | Reached XP level 3. HP: 31/31 MP: 2/2
  1150 | D:2      | Identified the +11 dagger of Honotier {spect, Fragile rElec
                  | rPois rF++}
  1814 | D:3      | Noticed Jessica
  1816 | D:3      | Killed Jessica
  1911 | D:3      | Found Vohenoof's Armour Shoppe.
  2021 | D:3      | Reached XP level 4. HP: 39/39 MP: 3/3
  2067 | D:3      | Got Unonivo's Anthology of Frostbitten Attacks
  2087 | D:3      | Found a burning altar of Makhleb.
  2412 | D:3      | Noticed Terence
  2437 | D:3      | Killed Terence
  2438 | D:3      | Reached XP level 5. HP: 37/45 MP: 4/4
  2803 | D:4      | Found Agusm's Magic Scroll Shoppe.
  2814 | D:4      | Bought a scroll of blinking for 90 gold pieces
  2895 | D:4      | Found Rugoh's Distillery.
  2909 | D:4      | Bought a potion of heal wounds for 55 gold pieces
  2909 | D:4      | Bought a potion of mutation for 88 gold pieces
  2925 | D:4      | Found Omaun's Assorted Antiques.
  2929 | D:4      | Noticed a black bear
  2938 | D:4      | Killed a black bear
  2939 | D:4      | Reached skill level 5 in Short Blades
  2939 | D:4      | Reached XP level 6. HP: 51/51 MP: 5/5
  3112 | D:4      | Found Guixouhi's Assorted Antiques.
  3275 | D:4      | Found Cefeps's General Store.
  3283 | D:4      | Bought a scroll of teleportation for 36 gold pieces
  3308 | D:5      | Entered Level 5 of the Dungeon
  3337 | D:5      | Noticed Ijyb
  3367 | D:5      | Killed Ijyb
  3479 | D:5      | Found a shimmering altar of Xom.
  3488 | D:5      | Reached XP level 7. HP: 57/57 MP: 6/6
  3514 | D:5      | Noticed Grinder
  3532 | D:5      | Killed Grinder
  3745 | D:5      | Noticed Sigmund
  3756 | D:5      | Killed Sigmund
  3757 | D:5      | Reached XP level 8. HP: 56/64 MP: 5/7
  4061 | D:5      | Found a basalt altar of Yredelemnul.
  4070 | D:5      | Found a sacrificial altar of Ru.
  4425 | D:6      | Found a staircase to the Ecumenical Temple.
  4433 | D:6      | Reached skill level 10 in Short Blades
  4456 | Temple   | Entered the Ecumenical Temple
  4466 | Temple   | Became a worshipper of Warmaster Okawaru
  5127 | D:7      | Reached skill level 1 in Dodging
  5134 | D:7      | Reached skill level 4 in Fighting
  5220 | D:7      | Reached * piety under Okawaru
  5262 | D:7      | Found an opulent altar of Gozag.
  5321 | D:7      | Reached skill level 5 in Shields
  5364 | D:7      | Reached XP level 9. HP: 72/72 MP: 8/8
  5401 | D:7      | Reached skill level 5 in Fighting
  5401 | D:7      | Reached skill level 5 in Armour
  5635 | D:7      | Reached ** piety under Okawaru
  5740 | D:7      | Reached skill level 6 in Fighting
  6453 | D:8      | Reached skill level 7 in Fighting
  6772 | D:8      | Noticed Grum
  6828 | D:8      | Reached *** piety under Okawaru
  6829 | D:8      | Reached skill level 8 in Fighting
  6829 | D:8      | Reached XP level 10. HP: 80/88 MP: 9/9
  6850 | D:8      | Noticed Amaemon
  6850 | D:8      | Noticed an orange demon
  7024 | D:8      | Found a blossoming altar of Fedhas.
  7048 | D:8      | Reached skill level 5 in Dodging
  7123 | D:8      | Killed Grum
  7341 | D:9      | Noticed Maggie
  7362 | D:9      | Noticed a two-headed ogre
  7367 | D:9      | Killed a two-headed ogre
  7368 | D:9      | Reached skill level 9 in Fighting
  7471 | D:9      | Found a shadowy altar of Dithmenos.
  7566 | D:9      | Noticed a two-headed ogre
  7577 | D:9      | Killed a two-headed ogre
  7577 | D:9      | Reached **** piety under Okawaru
  7635 | D:9      | Reached skill level 10 in Fighting
  7760 | D:9      | Killed Maggie
  8190 | D:8      | Killed Amaemon
  8196 | D:8      | Killed an orange demon
  8260 | D:10     | Entered Level 10 of the Dungeon
  8261 | D:10     | Noticed a gargoyle
  8268 | D:10     | Killed a gargoyle
  8433 | D:10     | Noticed Urug
  8458 | D:10     | Killed Urug
  8459 | D:10     | Reached skill level 11 in Fighting
  8459 | D:10     | Reached skill level 1 in Invocations
  8459 | D:10     | Reached XP level 11. HP: 51/102 MP: 2/11
  8823 | D:10     | Noticed Harold
  8829 | D:10     | Killed Harold
  8829 | D:10     | Reached ***** piety under Okawaru
  8958 | D:10     | Noticed a two-headed ogre
  8965 | D:10     | Killed a two-headed ogre
  9057 | D:10     | Noticed a two-headed ogre
  9067 | D:10     | Killed a two-headed ogre
  9355 | D:11     | Found a staircase to the Orcish Mines.
  9397 | D:11     | Received a gift from Okawaru
  9428 | D:11     | Reached skill level 5 in Invocations
  9656 | D:11     | Found a staircase to the Lair.
  9696 | D:11     | Noticed a two-headed ogre
  9704 | D:11     | Killed a two-headed ogre
  9705 | D:11     | Reached skill level 12 in Fighting
  9705 | D:11     | Reached skill level 10 in Armour
 10011 | D:11     | Found a white marble altar of Elyvilon.
 10294 | D:12     | Reached XP level 12. HP: 102/112 MP: 13/15
 10423 | D:12     | Noticed a five-headed hydra
 10445 | D:12     | Killed a five-headed hydra
 10628 | D:12     | Noticed a boulder beetle
 10653 | D:12     | Killed a boulder beetle
 10844 | D:13     | Noticed a centaur warrior
 10851 | D:13     | Killed a centaur warrior
 10979 | D:13     | Noticed a boulder beetle
 11001 | D:13     | Killed a boulder beetle
 11118 | D:13     | Noticed a centaur warrior
 11130 | D:13     | Killed a centaur warrior
 11348 | D:13     | Found a gate to the Vaults.
 11348 | D:13     | Noticed a vault guard
 11356 | Arena    | Entered the Arena
 11367 | Arena    | Killed a vault guard
 11619 | D:13     | Noticed a centaur warrior
 11626 | D:13     | Noticed a centaur warrior
 11626 | D:13     | Killed a centaur warrior
 11634 | D:13     | Killed a centaur warrior
 11634 | D:13     | Received a gift from Okawaru
 11635 | D:13     | Reached skill level 13 in Fighting
 11793 | D:13     | Noticed a centaur warrior
 11805 | D:13     | Killed a centaur warrior
 11928 | D:13     | Noticed a centaur warrior
 11939 | D:13     | Killed a centaur warrior
 12026 | D:13     | Noticed an ettin
 12026 | D:13     | Noticed an ice dragon
 12037 | D:13     | Reached skill level 10 in Dodging
 12044 | D:13     | Killed an ice dragon
 12050 | D:13     | Killed an ettin
 12051 | D:13     | Reached XP level 13. HP: 47/122 MP: 4/19
 12225 | D:13     | Reached ****** piety under Okawaru
 12643 | D:13     | Identified the +9 plate armour of the Griffon {*Slow rPois
                  | Str+4 Int+4} (Okawaru gifted it to you on level 13 of the
                  | Dungeon)
 12643 | D:13     | Received a gift from Okawaru
 12833 | D:13     | Identified the amulet of Bemiule {Spirit rPois Str+3 Dex+4}
 13056 | D:14     | Reached skill level 10 in Invocations
 13373 | D:14     | Reached skill level 14 in Fighting
 14220 | D:15     | Entered Level 15 of the Dungeon
 14813 | D:15     | Received a gift from Okawaru
 14814 | D:15     | Reached skill level 15 in Fighting
 14908 | D:15     | Found a staircase to the Depths.
 15090 | D:15     | Noticed Louise
 15107 | D:15     | Killed Louise
 15296 | Lair:1   | Entered Level 1 of the Lair of Beasts
 15474 | Lair:1   | Reached XP level 14. HP: 121/136 MP: 16/20
 15702 | Lair:1   | Identified the +0 robe of the Bull {rElec Stlth+}
 15729 | Lair:1   | Received a gift from Okawaru
 15771 | Lair:1   | Identified the +7 war axe of the Mashing Ass {freeze, rF+}
 16205 | Lair:2   | Reached skill level 16 in Fighting
 17091 | Lair:3   | Found a gate leading to a gauntlet.
 17100 | Gauntlet | Entered a Gauntlet
 17100 | Gauntlet | Found a transporter.
 17110 | Gauntlet | Found a transporter.
 17111 | Gauntlet | Found a transporter.
 17115 | Gauntlet | Found a transporter.
 17119 | Gauntlet | Found a transporter.
 17182 | Gauntlet | Found a transporter.
 17186 | Gauntlet | Found a transporter.
 17229 | Gauntlet | Found a runed translucent door.
 17229 | Gauntlet | Found a runed translucent door.
 17232 | Gauntlet | Found a transporter.
 17233 | Gauntlet | Found a transporter.
 17236 | Gauntlet | Found a transporter.
 17480 | Gauntlet | Identified the +1 pair of boots of Cibuoj {Slay+6}
 17496 | Gauntlet | Found a transporter.
 17514 | Gauntlet | Found a transporter.
 17515 | Gauntlet | Found a transporter.
 17540 | Gauntlet | Found a transporter.
 17773 | Gauntlet | Identified the +9 halberd of Forgiveness {spect, rElec rC-
                  | rN+++ Int-3 Stlth+}
 17773 | Gauntlet | Identified the ring of Hiose {rPois Dex+4}
 17787 | Gauntlet | Identified the +3 cloak "Zawatif" {Int+3 Dex+2 Stlth+}
                  | (Okawaru gifted it to you in a Gauntlet)
 17787 | Gauntlet | Received a gift from Okawaru
 17804 | Gauntlet | Identified the ring "Ged Dio" {MP+9 Stlth+}
 18060 | Lair:3   | Reached skill level 17 in Fighting
 18597 | Lair:3   | Found a staircase to the Shoals.
 18655 | Lair:3   | Found a hole to the Spider Nest.
 18904 | Lair:4   | Identified the +1 leather armour "Uxkuuhir" {*Corrode rElec
                  | rN++ Slay-2}
 19486 | Lair:4   | Reached skill level 18 in Fighting
 19736 | Lair:4   | Received a gift from Okawaru
 20035 | Lair:5   | Entered Level 5 of the Lair of Beasts
 20051 | Lair:5   | Reached XP level 15. HP: 146/149 MP: 21/21
 20284 | Lair:5   | Found a viscous altar of Jiyva.
 20285 | Lair:5   | Found a staircase to the Slime Pits.
 20460 | Lair:5   | Reached skill level 15 in Armour
 20706 | Lair:5   | Identified the +9 short sword "Teati" {freeze, *Rage rPois
                  | Dex+10 Stlth-} (Okawaru gifted it to you on level 5 of the
                  | Lair of Beasts)
 20706 | Lair:5   | Received a gift from Okawaru
 20774 | Lair:5   | Reached skill level 19 in Fighting
 21555 | Orc:1    | Entered Level 1 of the Orcish Mines
 21802 | Orc:2    | Entered Level 2 of the Orcish Mines
 21829 | Orc:2    | Received a gift from Okawaru
 22112 | Orc:2    | Found a staircase to the Elven Halls.
 22580 | Orc:2    | Noticed Rupert
 22595 | Orc:2    | Killed Rupert
 22601 | Orc:2    | Found Utreyr's Antique Weapon Emporium.
 22989 | Orc:2    | Noticed an orc warlord
 23020 | Orc:2    | Killed an orc warlord
 23138 | Orc:2    | Found Fuewkuh's Antique Weapon Boutique.
 23167 | Orc:2    | Found Sibrop Soick's Antique Armour Shop.
 23179 | Orc:2    | Bought the -2 hat of the Alchemist {rElec rPois rF+ rC+ rN+
                  | Will+ rMut rCorr} for 896 gold pieces
 23179 | Orc:2    | Found the -2 hat of the Alchemist {rElec rPois rF+ rC+ rN+
                  | Will+ rMut rCorr}
 23234 | Orc:2    | Found Boeduuxki's Magic Scroll Emporium.
 23239 | Orc:2    | Bought a scroll of blinking for 97 gold pieces
 23357 | Elf:1    | Entered Level 1 of the Elven Halls
 23444 | Elf:1    | Reached skill level 20 in Fighting
 23570 | Elf:1    | Paralysed by an air elemental for 1 turns
 24228 | Shoals:1 | Entered Level 1 of the Shoals
 24271 | Shoals:1 | Noticed Nikola
 24271 | Shoals:1 | Noticed Donald
 24288 | Lair:3   | Reached XP level 16. HP: 159/163 MP: 19/22
 24297 | Lair:3   | Killed Nikola
 24473 | Shoals:1 | Killed Donald
 24751 | Shoals:1 | Noticed Josephine
 24769 | Shoals:1 | Killed Josephine
 24950 | Shoals:1 | Noticed Jorgrun
 24962 | Shoals:1 | Killed Jorgrun
 25168 | Shoals:1 | Received a gift from Okawaru
 25548 | Shoals:1 | Found Roit's Weapon Shop.
 25807 | Shoals:2 | Reached skill level 21 in Fighting
 25832 | Shoals:2 | Reached skill level 15 in Dodging
 26056 | Shoals:2 | You fall into a shaft and drop 1 floor!
 26423 | Shoals:2 | Noticed Polyphemus
 26444 | Shoals:2 | Killed Polyphemus
 27797 | Shoals:3 | Found Muarheig's Overcharged Wands.
 28024 | Shoals:3 | Found a runed translucent gate.
 28025 | Shoals:3 | Found a runed translucent gate.
 28026 | Shoals:3 | Found a runed translucent gate.
 28038 | Shoals:3 | Noticed Abaecet's ghost (adept TrFi)
 28042 | Shoals:3 | Received a gift from Okawaru
 28051 | Shoals:3 | Reached skill level 22 in Fighting
 28093 | Shoals:3 | Killed Abaecet's ghost
 28582 | Shoals:3 | Reached XP level 17. HP: 156/176 MP: 19/23
 28966 | Shoals:4 | Entered Level 4 of the Shoals
 29223 | Shoals:4 | Identified the +4 ring mail "Ibrosob" {rC+} (Okawaru gifted
                  | it to you on level 4 of the Shoals)
 29223 | Shoals:4 | Received a gift from Okawaru
 29236 | Shoals:4 | Found a frozen archway.
 29255 | IceCv    | Entered an ice cave
 30094 | IceCv    | Identified the ring "Mazib" {+Blink rF+ rC+ rCorr Str-3}
 30162 | Shoals:4 | Upgraded the game from 0.29.1-1-gd02db6906a to
                  | 0.29.1-12-g30fa7ad0bf
 30352 | Shoals:4 | Noticed Mlioglotl
 30376 | Shoals:4 | Killed Mlioglotl
 31061 | Arena    | Entered the Arena
 31094 | Shoals:4 | Reached skill level 23 in Fighting
 31482 | Shoals:4 | Got a barnacled rune of Zot
 31566 | Shoals:4 | Identified the +7 mace "Killer Bee's Peril" {vorpal, Int+6
                  | Dex+2}
 32237 | Spider:1 | Entered Level 1 of the Spider Nest
 33211 | Spider:1 | Identified the -1 pair of boots "Tonotyir" {rPois rC++
                  | Int+3} (Okawaru gifted it to you on level 1 of the Spider
                  | Nest)
 33211 | Spider:1 | Received a gift from Okawaru
 34218 | Spider:2 | Reached skill level 24 in Fighting
 34258 | Spider:2 | Reached XP level 18. HP: 190/190 MP: 24/24
 34294 | Spider:2 | Got Kikubaaqudgha's Folio of Despicable Liturgies
 35119 | Spider:4 | Entered Level 4 of the Spider Nest
 35126 | Spider:4 | Identified the +2 robe of Joaqosua {rF- rN++ Int+2}
 36247 | Spider:4 | Received a gift from Okawaru
 36707 | Spider:4 | Got a gossamer rune of Zot
 37858 | Elf:1    | Received a gift from Okawaru
 38130 | Elf:1    | Found a runed translucent gate.
 38130 | Elf:1    | Found a runed translucent gate.
 38130 | Elf:1    | Found a runed translucent gate.
 38130 | Elf:1    | Found a runed translucent gate.
 38130 | Elf:1    | Found a runed translucent gate.
 38131 | Elf:1    | Found a runed translucent gate.
 38610 | Elf:2    | Noticed a Hell Sentinel
 38612 | Elf:2    | Paralysed by an air elemental for 1 turns
 38672 | Elf:2    | Found a runed translucent door.
 38717 | Elf:2    | Found Irucvey's Antique Weapon Shop.
 38782 | Elf:2    | Reached XP level 19. HP: 196/200 MP: 23/25
 38795 | Elf:2    | Found a runed translucent gate.
 38795 | Elf:2    | Found a runed translucent gate.
 38795 | Elf:2    | Found a runed translucent gate.
 38834 | Elf:2    | Identified the +6 tower shield of Dishonesty {rElec rC++}
                  | (Okawaru gifted it to you on level 2 of the Elven Halls)
 38834 | Elf:2    | Received a gift from Okawaru
 39068 | Elf:2    | Got the Directory of Hurting
 39125 | Elf:2    | Noticed Hulashix's ghost (journeyman MiBe)
 39142 | Elf:2    | Killed Hulashix's ghost
 39143 | Elf:2    | Reached skill level 10 in Shields
 39451 | Elf:2    | Found a runed translucent gate.
 39454 | Elf:2    | Found a runed translucent gate.
 39454 | Elf:2    | Found a runed translucent gate.
 40457 | Elf:3    | Entered Level 3 of the Elven Halls
 41248 | Elf:3    | Identified the +1 rapier "Jacwumagh" {elec, rPois Str+5
                  | Int-2}
 41269 | Elf:3    | Identified the +10 double sword of the Open Hand {drain,
                  | Fly rPois Str+2 Stlth-}
 41269 | Elf:3    | Identified the ring of Qazlal's Supremacy {rCorr Str+3}
 41322 | Elf:3    | Reached skill level 15 in Shields
 41362 | Elf:3    | Identified the +10 mace of the Puffball {protect, rElec
                  | rC+}
 41363 | Elf:3    | Identified the +11 crystal plate armour of Hedonism {rF-
                  | rC+++ rN+++ Dex+2}
 41363 | Elf:3    | Identified the ring "Ikegrire" {rElec rPois MP+9 Str+5
                  | Dex-4}
 41397 | Elf:3    | Identified the +1 robe of Fanwih {Contam Str+4 Int+3 SInv}
                  | (Okawaru gifted it to you on level 3 of the Elven Halls)
 41397 | Elf:3    | Received a gift from Okawaru
 41418 | Elf:3    | Identified the +4 war axe "Cotuafyn" {freeze, *Rage rElec
                  | rPois rN+++}
 41420 | Elf:3    | Identified the amulet of Okawaru's Displeasure {Faith Harm
                  | rPois Str+3}
 41437 | Elf:3    | Reached skill level 5 in Long Blades
 41669 | Elf:3    | Identified the +1 leather armour of the Constellations
                  | {-Cast Harm rC+}
 41692 | Elf:3    | Identified the +8 falchion "Daobemn" {holy, rC- Will+
                  | Int+5}
 42158 | Elf:3    | Found the ring of the Mage {Wiz Archmagi}
 42587 | Orc:2    | Bought a jewelled scimitar for 360 gold pieces
 42587 | Orc:2    | Identified the +5 scimitar "Ekhlyutu" {antimagic, rPois
                  | Int+4} (You bought it in a shop on level 2 of the Orcish
                  | Mines)
 42763 | D:4      | Bought a scroll of enchant weapon for 90 gold pieces
 42763 | D:4      | Bought a scroll of enchant weapon for 90 gold pieces
 42986 | Depths:1 | Entered Level 1 of the Depths
 43149 | Depths:1 | Reached XP level 20. HP: 209/209 MP: 26/26
 43220 | Depths:1 | Got Sif Muna's Precepts of Iron Despicable Deeds
 43311 | Depths:1 | Found a hide-covered altar of Uskayaw.
 43429 | Depths:1 | Found a gateway to Hell.
 44170 | Depths:2 | Received a gift from Okawaru
 44259 | Depths:2 | Found a one-way gate to the infinite horrors of the Abyss.
 44425 | Depths:2 | Identified the +8 shortbow of Teomegh {flame, rPois rC+
                  | rCorr Stlth+}
 44579 | Depths:2 | Found a one-way gate leading to the halls of Pandemonium.
 44637 | Depths:2 | Found a one-way gateway to a ziggurat.
 44965 | Depths:2 | Noticed a juggernaut
 44991 | Depths:2 | Killed a juggernaut
 45015 | Depths:2 | Reached skill level 10 in Long Blades
 45195 | Depths:3 | Identified the +7 swamp dragon scales "Nush" {rPois rN+
                  | rCorr Dex+2} (Okawaru gifted it to you on level 3 of the
                  | Depths)
 45195 | Depths:3 | Received a gift from Okawaru
 45348 | Depths:3 | Found a portal to a secret trove of treasure.
 45368 | Depths:3 | Found a magical portal.
 45391 | WizLab   | Entered Alistair's Party Mansion
 45446 | Abyss:3  | Cast into level 3 of the Abyss (a wizard)
 45478 | WizLab   | Escaped the Abyss
 45708 | WizLab   | Got Eringya's Guidebook on Mutagenic Filth
 45953 | Depths:3 | Noticed Mara
 45955 | Arena    | Entered the Arena
 45959 | Arena    | Noticed Scypho's illusion
 45977 | Arena    | Noticed Scypho's illusion
 45983 | Arena    | Killed Mara
 45998 | Depths:3 | You paid a toll of 6 scrolls of fear to enter a treasure
                  | trove
 45999 | Trove    | Entered a treasure trove
 46027 | Trove    | Got Ytzypuk's Cyclopedia of Dynamic Earth
 46215 | Depths:3 | Identified the +1 robe "Niys Cud" {Str+2 Dex+4} (Okawaru
                  | gifted it to you on level 3 of the Depths)
 46215 | Depths:3 | Received a gift from Okawaru
 46223 | Depths:3 | Reached XP level 21. HP: 216/216 MP: 27/27
 46884 | Depths:3 | Got Hadoesui's Octavo of the Squall
 46917 | Depths:3 | Identified the +10 long sword of Honour {venom, rF+ rN+
                  | Str-4 Stlth+}
 47108 | Depths:4 | Entered Level 4 of the Depths
 47126 | Depths:4 | Identified the +8 chain mail of Quiet Fog {Str+4 Int+6}
 47358 | Depths:4 | Found a gate to the Realm of Zot.
 47491 | Depths:4 | Received a gift from Okawaru
 47550 | Depths:4 | Found Nuanuac's Antique Armour Shop.
 47552 | Depths:4 | Found Bimuitea's Jewellery Boutique.
 47554 | Depths:4 | Found Yfrukh's Book Shop.
 47558 | Depths:4 | Bought a pair of runed gloves for 352 gold pieces
 47623 | Depths:4 | Identified the ring of Fallacy {rF+ rC+ Will- rCorr}
 47642 | Depths:4 | Found the +8 lance "Wyrmbane" {slay drac, rPois rF+ rC+
                  | AC+3}
 47647 | Depths:4 | Found a gateway to a bazaar.
 47662 | Bazaar   | Entered a bazaar
 47681 | Bazaar   | Found Cepsoulo's Armour Emporium.
 47692 | Bazaar   | Found Kalaeng's Antique Weapon Shoppe.
 47716 | Bazaar   | Found Ymilupla's Antique Armour Boutique.
 47721 | Bazaar   | Bought a pair of embroidered boots for 150 gold pieces
 47733 | Bazaar   | Found Tetz's Weapon Shoppe.
 47785 | Bazaar   | Bought glowing pearl dragon scales for 2042 gold pieces
 48342 | Vaults:1 | Entered Level 1 of the Vaults
 48819 | Vaults:1 | Received a gift from Okawaru
 48842 | Vaults:1 | Reached skill level 15 in Long Blades
 48956 | Vaults:1 | Reached XP level 22. HP: 224/224 MP: 10/28
 49128 | Vaults:1 | Got the Compendium of Destructive Variation
 49610 | Vaults:2 | Identified the +9 long sword of Floods {antimagic, Str+2
                  | Int+2} (Okawaru gifted it to you on level 2 of the Vaults)
 49610 | Vaults:2 | Received a gift from Okawaru
 50043 | Vaults:2 | Found Bukhledu's Jewellery Shop.
 50275 | Vaults:2 | Found a staircase to the Crypt.
 50900 | Vaults:3 | Identified the +9 morningstar of Xegiew {vorpal, rElec
                  | Int-3 SInv Stlth+}
 51471 | Vaults:3 | Found Lecoac's Antique Armour Boutique.
 52407 | Vaults:4 | Received a gift from Okawaru
 52884 | Vaults:4 | Found Zaitakil's Distillery.
 52893 | Vaults:4 | Bought a potion of haste for 160 gold pieces
 52893 | Vaults:4 | Bought 2 potions of curing for 96 gold pieces
 52995 | Vaults:4 | Reached XP level 23. HP: 232/232 MP: 29/29
 53160 | Vaults:4 | Found a runed translucent door.
 53160 | Vaults:4 | Noticed ragingrage's ghost (veteran HOFi)
 53203 | Vaults:4 | Killed ragingrage's ghost
 53422 | Vaults:5 | Entered Level 5 of the Vaults
 53525 | Vaults:5 | Noticed Saint Roka
 53564 | Vaults:5 | Received a gift from Okawaru
 53752 | Vaults:5 | Noticed Jory
 53766 | Vaults:5 | Killed Jory
 53806 | Vaults:5 | Got a silver rune of Zot
 53892 | Vaults:5 | Noticed an ancient lich
 53918 | Vaults:5 | Killed an ancient lich
 53992 | Vaults:5 | Identified the amulet "Xerchuuz" {Acrobat SInv}
 54007 | Vaults:5 | Identified the +0 hat of the Thistle {Str+7} (Okawaru
                  | gifted it to you on level 5 of the Vaults)
 54007 | Vaults:5 | Received a gift from Okawaru
 54016 | Vaults:5 | Noticed a dread lich
 54026 | Vaults:5 | Paralysed by a dread lich for 3 turns
 54043 | Vaults:5 | Paralysed by something for 2 turns
 54073 | Vaults:5 | Killed a dread lich
 54286 | Vaults:5 | Identified the amulet "Inorria" {rF+ rC+ rN+ Regen+ Int+2}
 54524 | Vaults:5 | Identified the +5 ring mail of Jycebaq {rElec Will+ SInv}
 54622 | Vaults:5 | Identified the +12 shadow dragon scales "Put-Me-On" {Dex+2
                  | Stlth++++}
 54634 | Arena    | Entered the Arena
 54661 | Arena    | Killed Saint Roka
 54669 | Vaults:5 | Identified the +4 scale mail of the Salamander {Str+4
                  | Int+5}
 54718 | Vaults:5 | Identified the +1 leather armour "Osaaci" {Fly rCorr Dex-4
                  | Stlth+}
 54872 | Vaults:5 | Found the +3 Mad Mage's Maulers {Infuse+∞ RegenMP Int-3}
 55023 | Vaults:5 | Identified the +0 rapier of the Five Coins {vorpal, Dex+5}
 55082 | Vaults:5 | Reached XP level 24. HP: 231/240 MP: 1/29
 55328 | Vaults:5 | Received a gift from Okawaru
 55751 | Slime:1  | Entered Level 1 of the Pits of Slime
 55985 | Slime:1  | You fall into a shaft and drop 1 floor!
 56396 | Slime:3  | Gained mutation: You are partially covered in iridescent
                  | scales. (AC +2) [a shining eye]
 56511 | Slime:3  | Gained mutation: You sometimes lose your temper in combat.
                  | [a shining eye]
 57500 | Slime:5  | Entered Level 5 of the Pits of Slime
 57587 | Slime:5  | Found a viscous altar of Jiyva.
 57587 | Slime:5  | Noticed the Royal Jelly
 57602 | Slime:5  | Killed the Royal Jelly
 57602 | Slime:5  | Received a gift from Okawaru
 57603 | Slime:5  | Reached skill level 1 in Throwing
 57686 | Slime:5  | Reached skill level 5 in Throwing
 57730 | Slime:5  | Identified the +8 short sword of Naorie Umui {drain,
                  | Fragile rC++ rN+ Str-5}
 57735 | Slime:5  | Identified the +5 rapier "Hihor" {drain, rElec rPois rC-
                  | Int+7}
 57770 | Slime:5  | Got a slimy rune of Zot
 57809 | Slime:5  | Identified the +0 buckler "Hyfu" {Rampage rPois rC- Int+4}
 57849 | Slime:5  | Received a gift from Okawaru
 58364 | Shoals:1 | Lost mutation: You sometimes lose your temper in combat.
                  | [potion of mutation]
 58364 | Shoals:1 | Lost mutation: You are partially covered in iridescent
                  | scales. (AC +2) [potion of mutation]
 58650 | Depths:2 | Voluntarily entered the Abyss.
 58653 | Abyss:3  | Got an abyssal rune of Zot
 58662 | Abyss:3  | Paralysed by accursed screaming for 2 turns
 58669 | Abyss:3  | Paralysed by accursed screaming for 2 turns
 58693 | Abyss:3  | Paralysed by accursed screaming for 1 turns
 58704 | Abyss:3  | Paralysed by an air elemental for 1 turns
 59028 | Abyss:3  | Reached skill level 10 in Throwing
 59081 | Depths:2 | Escaped the Abyss
 59421 | Hell     | Entered the Vestibule of Hell
 59421 | Hell     | Noticed Geryon
 59422 | Arena    | Entered the Arena
 59439 | Arena    | Killed Geryon
 59499 | Hell     | Received a gift from Okawaru
 59823 | Hell     | Received a gift from Okawaru
 60233 | Hell     | Reached XP level 25. HP: 211/248 MP: 29/29
 60345 | Hell     | Received a gift from Okawaru
 60500 | Hell     | Found a gateway to the decaying netherworld of Tartarus.
 60679 | Hell     | Found a gateway to the ashen valley of Gehenna.
 60737 | Hell     | Found a gateway to the Iron City of Dis.
 60783 | Hell     | Found a gateway to the freezing wastes of Cocytus.
 60903 | Coc:1    | Entered Level 1 of Cocytus
 60928 | Coc:1    | Reached skill level 15 in Throwing
 61563 | Coc:2    | Killed from afar by a wendigo

Illustrated notes

Levels and vault maps discovered:
D:1:      dpeg_arrival_rooms_b, layout_rooms, basic_ecumenical_altar
D:2:      wad_pebble_path, layout_basic
D:3:      minmay_evil_eye, layout_loops_ring, mainiacjoe_overflow_alcove_2,
          serial_shops, nicolae_shop_trees, serial_bayou_ford_a, uniq_terence,
          uniq_jessica
D:4:      layout_rooms, serial_shops, shop,
          nicolae_shop_competitors_out_of_business, nicolae_square_shop,
          nicolae_shop_trees, shop
D:5:      layout_loops_ring, amethyst_overflow_temple_binary, xom_butterflies,
          uniq_sigmund, uniq_grinder, uniq_ijyb
D:6:      layout_basic, minmay_temple_entry_offerings
D:7:      layout_basic, mainiacjoe_overflow_paths, serial_undead,
          serial_undead_c, serial_undead_b, serial_undead_d, serial_undead_a,
          minmay_quadrilaterals
D:8:      layout_cave_pools, kennysheep_mini_moat,
          hangedman_decor_diamond_cutter, uniq_amaemon, uniq_grum
D:9:      layout_long_grid, mainiacjoe_overflow_cross_hatched, uniq_maggie
D:10:     layout_roguey, uniq_urug, uniq_harold
D:11:     layout_cross, erik_lair_island, minmay_orc_entry_temple_small,
          elyvilon_altar_1
D:12:     layout_rooms, corexii_corridor_pit
D:13:     layout_gridville, david_vaults_5, minmay_checkered_concentric_circles
D:14:     layout_cave_pods, chequers_big_river
D:15:     gammafunk_enter_depths_forms, layout_basic, minmay_misc_feat_chi,
          uniq_louise
Temple:   hellmonk_temple_of_storms
Lair:1:   layout_roguey, grunt_megastairs_2, serial_bayou_shore_a
Lair:2:   layout_hall_layers
Lair:3:   layout_cave_shapes, minmay_shoals_entry_beasts, spider_nest_entry_a,
          gauntlet_entry_generic, lemuel_fruit_tree, grunt_megastairs_1
Lair:4:   layout_gridlike, lookout_lair_type
Lair:5:   hangedman_lair_tendril_chambers, layout_misc_corridors, slime_entry_1,
          lemuel_fruit_fields, lemuel_fruit_fields
Shoals:1: layout_shoals, serial_shops, shop, nicolae_shoals_water_shrine,
          uniq_nikola, uniq_donald, uniq_jorgrun, uniq_josephine
Shoals:2: layout_shoals, uniq_polyphemus
Shoals:3: layout_shoals, ebering_ghost_rock_garden,
          nicolae_shop_overcharged_wands
Shoals:4: shoals_end_simple, layout_shoals, portal_ice_cave_entry_pillars_1,
          nicolae_shoals_undead_eyrie, uniq_mlioglotl
Spider:1: layout_chambers, nicolae_spider_nook
Spider:2: layout_spider_delve, hangedman_spider_tarantella_strand
Spider:3: layout_spider_delve
Spider:4: hellmonk_spider_rune_bug_friends
Slime:1:  layout_caves
Slime:2:  layout_caves
Slime:3:  layout_caves
Slime:4:  layout_caves
Slime:5
Orc:1:    layout_caves, basic_altar
Orc:2:    grunt_orc_community_town_hall, layout_caves,
          grunt_orc_community_big_house_2, grunt_orc_community_big_house_2,
          grunt_orc_community_house_2, grunt_orc_community_house_2,
          grunt_orc_community_house_2, grunt_orc_community_house_1, uniq_rupert
Elf:1:    eino_elf_arrival_customs, layout_gridlike, orc_legates
Elf:2:    nicolae_elf_blades_splatter_lattice [nicolae_blade_tridents],
          layout_rooms, ebering_ghost_rock_garden, serial_shops,
          nicolae_shop_hallway_stairs, nicolae_danse_macabre
Elf:3:    grunt_elf_hall_diamonds, layout_loops_cross, grunt_ministairs_13,
          minivault_23
Vaults:1: nicolae_vaults_windows_and_doors_thing, v_misc_29, st_greater_box_5,
          v_misc_30, v_misc_15, dpeg_vaults_monster_box, v_misc_11,
          layout_vaults_maze_snakey
Vaults:2: minmay_crypt_entry_simple_round, hangedman_vaults_slice,
          vaults_room_fours, ontoclasm_vaults_twist, vaults_room_grid,
          ontoclasm_vaults_loading_screen, ontoclasm_vaults_pinch,
          nicolae_vaults_asterisk, v_alt_pattern_4, v_alt_pattern_1,
          vaults_dpeg_ring, nicolae_vaults_diagonal_hallway_6,
          layout_vaults_omnicross, serial_shops, nicolae_shop_hallway_plus
Vaults:3: v_misc_1, vaults_room_hallway, nicolae_vaults_diagonal_hallway_8,
          vaults_dpeg_diagonal, vaults_room_mumra_shop_pool,
          ontoclasm_vaults_shuriken, nicolae_vaults_little_squares_6,
          layout_vaults_quadrants
Vaults:4: hellmonk_ghost_happy_afterlife, vaults_room_corners,
          ontoclasm_vaults_ring_square, vaults_mumra_minichess_inversion,
          grunt_vaults_trifunnel, vaults_room_grid, vaults_room_hallway,
          layout_vaults_chaotic_city, serial_shops, shop
Vaults:5: serial_shops, uniq_saint_roka, uniq_jory
Depths:1: layout_gridville, hangedman_geh_valley, minmay_holes,
          kennysheep_decorative_pillar, roderic_roman_lattice,
          nicolae_uskayaw_suspiria
Depths:2: minmay_mutant_horseshoe, layout_long_grid, enter_ziggurat_a,
          abyss_entry, pan_entry, nicolae_twisting_strands, grunt_metal_band,
          infiniplex_staircase_trident
Depths:3: minmay_the_grid_octo_triangle [minmay_the_grid_octo_chip,
          minmay_the_grid_octo_prize_single_spiral, minmay_the_grid_octo_focus],
          layout_cave_pools, pf_hell_entry_tar_river, serial_sigils,
          serial_sigils_hangedman_confine, serial_sigils_hangedman_clutch,
          serial_sigils_hangedman_writhe, serial_sigils_hangedman_shear,
          serial_sigils_hangedman_gut, lightli_enter_wizlab_magi_temple,
          nicolae_trove_entry_free_sample, abyss_entry_glasseish, uniq_margery,
          uniq_grunn, uniq_josephina, uniq_mara
Depths:4: grunt_zot_entry_funnels, layout_gridlike, minivault_14,
          pf_coc_iceberg, serial_shops, bzr_entry_customers, minmay_shop_star
Hell
Coc:1:    layout_ice_bergs
Coc:2:    layout_cocytus_delve

Skill      XL: |  1  2  3  4  5  6  7  8  9 10 11 12 13 14 15 16 17 18 19 20 21 22 23 24 25 |
---------------+----------------------------------------------------------------------------+-----
Long Blades    | 3 4 7 12 15 18 21 22 | 22.0
Short Blades   | 2 3 5 7 9 11 | 11.0
Shields        | 5 6 9 15 16 18 19 20 23 | 23.0
Dodging        | 2 4 7 8 10 11 13 14 15 16 18 19 21 22 23 | 23.5
Fighting       | 4 8 11 12 13 15 18 20 22 24 | 24.9
Armour         | 4 6 8 10 11 13 14 16 17 18 19 20 21 22 23 | 23.0
Invocations    | 1 6 9 10 | 10.0
Throwing       | 14 15 | 15.6

Action                   |  1- 3 |  4- 6 |  7- 9 | 10-12 | 13-15 | 16-18 | 19-21 | 22-24 | 25-27 || total
-------------------------+-------+-------+-------+-------+-------+-------+-------+-------+-------++-------
Melee: Long sword        |    58 |       |       |       |       |       |       |       |       ||    58
       Headbutt          |     5 |    11 |    45 |   122 |   419 |   543 |   619 |   968 |    69 ||  2801
       Dagger            |    37 |    75 |   201 |   463 |  1378 |  1642 |   438 |       |       ||  4234
       Unarmed           |       |    23 |       |       |       |       |       |       |       ||    23
       Demon blade       |       |       |       |       |       |       |  1312 |  2434 |   216 ||  3962
Invok: Heroism           |       |       |     1 |    14 |    12 |    16 |    22 |     9 |     2 ||    76
       Finesse           |       |       |       |     4 |     5 |     7 |     8 |     5 |       ||    29
       Duel              |       |       |       |     1 |       |     1 |     1 |     2 |       ||     5
  Use: Scroll            |     7 |     1 |     6 |     6 |     8 |     5 |    10 |     3 |     2 ||    48
       Potion            |       |       |       |     4 |     1 |     1 |     3 |     4 |       ||    13
 Stab: Distracted        |       |       |     4 |     8 |    22 |    46 |     7 |     1 |       ||    88
       Petrified         |       |       |       |       |       |     2 |       |       |       ||     2
Armor: Scale mail        |    31 |       |       |       |       |       |       |       |       ||    31
       Chain mail        |     1 |    17 |    44 |   108 |   292 |   349 |    70 |       |       ||   881
       Crystal plate arm |       |       |       |       |       |       |   385 |   830 |    76 ||  1291
Dodge: Dodged            |    33 |    28 |    39 |   180 |   574 |  1007 |   729 |  1246 |   138 ||  3974
       Repelled          |       |     1 |     1 |     6 |     3 |       |       |       |       ||    11
Block: Buckler           |    14 |     6 |    31 |    71 |   210 |   364 |    90 |       |       ||   786
       Tower shield      |       |       |       |       |       |       |  1567 |  3140 |   325 ||  5032
